cohdb
Replays
Latest Replays
All Replays
Popular Replays
Top Player Replays
Match Explorer
How It Works
Community
CoH3 Stats
Reddit
Sign in to upload your games and track your stats! →
Sign in with Steam
Left with 4 units after just 7 minutes of game (rangers)
Match 22913910
Overview
Messages
Build Orders
End
Construct Barracks
Riflemen Squad
Riflemen Squad
Selects Advanced Infantry Battlegroup
Riflemen Squad
Grenade Package
Infantry Support Center
Selects Convert to Ranger Squad
Construct Medical Station
Convert to Ranger Squad
Construct Motor Pool
Selects Designate Assault Position
M1 Anti-tank Gun Team
Reakly
Samovar
0
0
Comments
sign in to comment!
No comments posted yet!